 Dungeon Crawl Stone Soup version 0.21.1-1-g345015f (webtiles) character file.

16457 wojtek the Cleaver (level 12, -2/105 HPs)
             Began as a Minotaur Fighter on July 6, 2018.
             Was a High Priest of Makhleb.
             Killed from afar by an ice statue (22 damage)
             ... with a bolt of cold
             ... in an ice cave.
             The game lasted 00:23:17 (10697 turns).

wojtek the Cleaver (Minotaur Fighter)              Turns: 10697, Time: 00:23:18

Health: -2/105     AC: 17    Str: 26    XL:     12   Next: 10%
Magic:  18/18      EV: 11    Int:  5    God:    Makhleb [*****.]
Gold:   786        SH: 12    Dex: 13    Spells: 11/11 levels left

rFire    + . .     SeeInvis .   a - +4 war axe
rCold    . . .     Gourm    .   c - +0 shield
rNeg     . . .     Faith    .   b - +2 chain mail {rF+}
rPois    .         Spirit   .   (helmet restricted)
rElec    .         Reflect  .   z - +1 cloak {MR+}
rCorr    .         Harm     .   (no gloves)
MR       +....                  O - +0 pair of boots
Stlth    ..........             e - amulet of regeneration
HPRegen  0.67/turn              V - +3 ring of dexterity
MPRegen  0.16/turn              i - ring of flight

@: no status effects
A: retaliatory headbutt, horns 2
a: Minor Destruction, Lesser Servant of Makhleb, Major Destruction, Greater
Servant of Makhleb, Renounce Religion, Evoke Flight


You were in an ice cave.
You worshipped Makhleb.
Makhleb was extremely pleased with you.
You were not hungry.

You visited 2 branches of the dungeon, and saw 13 of its levels.
You also visited: Ice Cave.

You collected 786 gold pieces.

Inventory:

Hand Weapons
 a - a +4 war axe (weapon)
 S - the +8 great sword of Ekorch {flame, rC+}
   (You found it on level 10 of the Dungeon)

   It has been specially enchanted to burn those struck by it, causing extra
   injury to most foes and up to half again as much damage against particularly
   susceptible opponents.
   Big, fiery blades are also staple armaments of hydra-hunters.
   It protects you from cold.
Armour
 b - a +2 chain mail of fire resistance (worn)
 c - a +0 shield (worn)
 z - a +1 cloak of magic resistance (worn)
 A - a +1 scale mail of magic resistance
 O - a +0 pair of boots (worn)
 W - the +4 ring mail of Talaev {rN+ MR+ Str-5, unknown}
   (You found it on level 1 of the Lair of Beasts)

   It affects your strength (-5).
   It protects you from negative energy.
   It affects your resistance to hostile enchantments.
Jewellery
 e - an amulet of regeneration (around neck)
 i - a ring of flight (right hand)
 m - an uncursed amulet of the gourmand {unknown}
 V - a +3 ring of dexterity (left hand)
Wands
 g - a wand of acid (6)
 r - a wand of clouds (4)
 D - a wand of polymorph (31)
 K - a wand of enslavement (3)
 P - a wand of flame (30)
Scrolls
 j - 2 scrolls of immolation
 k - 7 scrolls of teleportation
 q - 2 scrolls of fear
 t - 5 scrolls of remove curse
 y - a scroll of fog {unknown}
 H - a scroll of noise {unknown}
 I - a scroll of summoning {unknown}
 R - 2 scrolls of acquirement {unknown}
 T - a scroll of vulnerability {unknown}
 U - 2 scrolls of blinking {unknown}
Potions
 d - 3 potions of might
 h - 3 potions of cancellation
 l - 7 potions of curing
 n - 4 potions of lignification
 v - 2 potions of magic {unknown}
 w - 2 potions of degeneration {unknown}
 B - a potion of invisibility {unknown}
 C - 2 potions of flight
 E - 4 potions of heal wounds
 J - 2 potions of haste
 M - 6 potions of mutation {unknown}
Comestibles
 f - 19 rations
 u - 4 chunks of flesh


   Skills:
 + Level 9.4 Fighting
 + Level 11.4 Axes
 + Level 9.3 Armour
 + Level 7.9 Dodging
 + Level 9.3 Shields
 * Level 10.1 Invocations


You had 11 spell levels left.
You didn't know any spells.

Dungeon Overview and Level Annotations

Branches:
Dungeon (11/15)            Temple (0/1) D:4            Lair (2/6) D:10
 Shoals (0/4) Lair:2          Orc (0/2) D:10
  Snake: Lair:2-4    Spider: Lair:2-4

Altars:
Cheibriados
Dithmenos
Elyvilon
Fedhas
Kikubaaqudgha
Makhleb
Nemelex Xobeh
Ru
Sif Muna
Uskayaw
Yredelemnul
Zin
The Shining One

Annotations:
D:8 2 transporters IceCv exclusion: 3 ice statues


Innate Abilities, Weirdness & Mutations

You reflexively headbutt those who attack you in melee.
You have a pair of horns on your head.


Message History

You closely miss the ice beast. You slash the ice beast!
You kill the ice beast!
The ice statue gestures at you. The freezing blast misses you.
Your green death is engulfed in freezing vapours.
The ice beast hits you but does no damage.
Unknown command.
You slash the ice beast!
The ice beast is heavily wounded.
You are engulfed in freezing vapours.
The ice statue gestures at you. The shard of ice hits you!
The ice statue glitters chillingly in the dim dungeon light.
Your green death is engulfed in freezing vapours.
You block the ice beast's attack.
You are engulfed in freezing vapours.
* * * LOW HITPOINT WARNING * * *
The ice statue gestures at you. The bolt of cold hits your green death.
The bolt of cold hits you!
You die...

############# ######
##...§8#.....## ##.....
##....Y2#......###......
#.....§§#.......#.......
#.....§@#.......#.......
8....§§.§..........∩..∩.
#.......#.......#.......
#.......#.......#.......
##......#......###......
##....8#.[(..## ##.....
############# ######


You could see 3 ice statues, an ice beast and a friendly green death.

Vanquished Creatures
  The ghost of toffzen the Destroyer, a journeyman DEFE of Vehumet (D:10)
  An unseen horror (D:10)
  Pikel (D:4)
  An ugly thing (IceCv)
  Joseph (D:7)
  A komodo dragon (Lair:1)
  A tengu conjurer (D:9)
  3 trolls
  A hornet (D:11)
  Prince Ribbit (D:7)
  5 blink frogs (Lair:1)
  3 hippogriffs
  A wraith (D:11)
  A spriggan (D:10)
  Sigmund (D:5)
  13 yaks
  2 wyverns
  4 hungry ghosts
  Menkaure (D:5)
  A steam dragon (D:9)
  5 water moccasins
  An orc warrior (D:7)
  2 porcupines (Lair:1)
  18 ice beasts
  3 sky beasts
  A slave (D:4)
  5 ogres
  2 phantoms
  3 centaurs
  A crocodile (Lair:2)
  10 bullfrogs
  2 scorpions
  The ghost of n0claF the Skirmisher, a weakling MiBe of Trog (D:4)
  13 killer bees
  7 wights (D:11)
  A howler monkey (D:11)
  9 crimson imps
  A centaur zombie (D:11)
  2 quasits (D:11)
  5 hounds
  A jelly (D:5)
  9 orc priests
  14 orc wizards
  A bullfrog skeleton (D:9)
  2 centaur skeletons
  Ijyb (D:5)
  Natasha (thrice) (D:2)
  6 iguanas
  7 worker ants
  A killer bee zombie (D:10)
  2 hound skeletons
  Robin (D:2)
  2 worker ant zombies
  3 gnolls (D:4)
  9 adders
  A shadow imp (D:6)
  2 oozes (D:1)
  An adder zombie (D:7)
  A worm (D:6)
  5 dart slugs
  3 leopard geckos
  35 orcs
  4 ball pythons
  5 bats (D:3)
  5 giant cockroaches
  13 goblins
  10 hobgoblins
  8 jackals
  A quokka (D:7)
  7 frilled lizards
  8 kobolds
  16 rats
323 creatures vanquished.

Vanquished Creatures (collateral kills)
  Psyche (D:9)
1 creature vanquished.

Vanquished Creatures (others)
  2 slaves (D:5)
  A killer bee (D:9)
  A shadow imp (D:5)
  2 orcs
6 creatures vanquished.

Grand Total: 330 creatures vanquished

Notes
Turn   | Place    | Note
-------+----------+-------------------------------------------
     0 | D:1      | wojtek the Minotaur Fighter began the quest for the Orb.
     0 | D:1      | Reached XP level 1. HP: 19/19 MP: 0/0
    26 | D:1      | Reached skill level 3 in Axes
    32 | D:1      | Reached XP level 2. HP: 23/26 MP: 1/1
   263 | D:1      | Reached skill level 4 in Axes
   379 | D:1      | Reached XP level 3. HP: 26/31 MP: 2/2
   617 | D:2      | Noticed Robin
   631 | D:2      | Killed Robin
   631 | D:2      | Reached skill level 5 in Axes
   735 | D:2      | Reached XP level 4. HP: 36/39 MP: 3/3
   787 | D:2      | Found a sacrificial altar of Ru.
   998 | D:2      | Noticed Natasha
  1005 | D:2      | Killed Natasha
  1137 | D:2      | Noticed Natasha
  1143 | D:2      | Killed Natasha
  1143 | D:2      | Reached skill level 6 in Axes
  1270 | D:2      | Noticed Natasha
  1277 | D:2      | Killed Natasha
  1277 | D:2      | Reached XP level 5. HP: 28/45 MP: 4/4
  1412 | D:3      | Reached skill level 7 in Axes
  1572 | D:3      | Found a burning altar of Makhleb.
  1775 | D:3      | Found a basalt altar of Yredelemnul.
  2519 | D:4      | Reached XP level 6. HP: 28/51 MP: 5/5
  2623 | D:3      | Became a worshipper of Makhleb the Destroyer
  2727 | D:4      | Noticed n0claF's ghost (weakling MiBe)
  2875 | D:3      | Reached skill level 1 in Invocations
  2994 | D:4      | Killed n0claF's ghost
  3030 | D:4      | Reached skill level 1 in Dodging
  3057 | D:4      | Found a glowing silver altar of Zin.
  3097 | D:4      | Found a deep blue altar of Sif Muna.
  3196 | D:4      | Found a staircase to the Ecumenical Temple.
  3267 | D:4      | Reached skill level 8 in Axes
  3576 | D:5      | Entered Level 5 of the Dungeon
  3622 | D:5      | Reached XP level 7. HP: 59/59 MP: 7/7
  3733 | D:5      | Noticed Ijyb
  3746 | D:5      | Killed Ijyb
  3815 | D:5      | Noticed Menkaure
  3815 | D:5      | Noticed Sigmund
  3994 | D:5      | Noticed Pikel
  4018 | D:4      | Killed Pikel
  4018 | D:4      | Reached XP level 8. HP: 45/67 MP: 7/9
  4090 | D:5      | Reached * piety under Makhleb
  4090 | D:5      | Reached skill level 5 in Fighting
  4090 | D:5      | Reached skill level 5 in Armour
  4178 | D:4      | Reached skill level 5 in Shields
  4372 | D:5      | Killed Menkaure
  4526 | D:5      | Reached skill level 9 in Axes
  4740 | D:6      | Reached skill level 5 in Invocations
  4789 | D:5      | Reached XP level 9. HP: 75/75 MP: 11/11
  4851 | D:5      | Killed Sigmund
  4869 | D:6      | Reached ** piety under Makhleb
  4977 | D:6      | Found a blossoming altar of Fedhas.
  5617 | D:7      | Noticed Prince Ribbit
  5622 | D:7      | Noticed Joseph
  5645 | D:7      | Killed Joseph
  5705 | D:7      | Killed Prince Ribbit
  5737 | D:7      | Found a shadowy altar of Dithmenos.
  5757 | D:7      | Reached skill level 5 in Dodging
  5855 | D:7      | Reached XP level 10. HP: 84/84 MP: 14/14
  6221 | D:8      | Found a transporter.
  6224 | D:8      | Noticed a manticore
  6244 | D:8      | Found a transporter.
  6248 | D:8      | Noticed a deep elf archer
  6285 | D:8      | Found a sparkling altar of Nemelex Xobeh.
  6377 | D:8      | Found a hide-covered altar of Uskayaw.
  6415 | D:8      | Reached *** piety under Makhleb
  6445 | D:8      | Reached skill level 10 in Axes
  6591 | D:8      | Found a white marble altar of Elyvilon.
  6881 | D:9      | Found an ancient bone altar of Kikubaaqudgha.
  7072 | D:9      | Noticed Psyche
  7420 | D:9      | Found a snail-covered altar of Cheibriados.
  7455 | D:9      | Killed Psyche
  7600 | D:9      | Found a glowing golden altar of the Shining One.
  7636 | D:10     | Entered Level 10 of the Dungeon
  7697 | D:10     | Noticed toffzen's ghost (journeyman DEFE)
  7965 | D:10     | Reached **** piety under Makhleb
  7992 | D:10     | Got an ivory great sword
  7993 | D:10     | Identified the +8 great sword of Ekorch {flame, rC+} (You found it on level 10 of the Dungeon)
  8049 | D:10     | Found a staircase to the Lair.
  8234 | D:10     | Killed an unseen horror
  8234 | D:10     | Reached XP level 11. HP: 94/94 MP: 16/16
  8362 | D:11     | Paralysed by a hornet for 1 turns
  8366 | D:11     | Paralysed by a hornet for 3 turns
  8812 | D:11     | Got a fine robe
  9488 | D:11     | Reached ***** piety under Makhleb
  9654 | D:10     | Killed toffzen's ghost
  9654 | D:10     | Reached skill level 11 in Axes
  9887 | D:10     | Found a staircase to the Orcish Mines.
  9907 | Lair:1   | Entered Level 1 of the Lair of Beasts
 10294 | Lair:1   | Got a smelly ring mail
 10542 | Lair:2   | Found a frozen archway.
 10571 | Lair:2   | Reached skill level 10 in Invocations
 10593 | Lair:2   | Reached XP level 12. HP: 104/104 MP: 18/18
 10620 | IceCv    | Entered an ice cave
 10697 | IceCv    | Killed from afar by an ice statue

Skill      XL: |  1  2  3  4  5  6  7  8  9 10 11 |
---------------+----------------------------------+-----
Axes           | 3 4 5 6 7 8 9 10 11 | 11.4
Invocations    | 2 3 5 6 8 10 | 10.1
Dodging        | 1 2 3 5 6 7 |  7.9
Fighting       | 4 5 6 8 9 |  9.4
Armour         | 4 5 6 8 9 |  9.3
Shields        | 4 5 6 8 9 |  9.3

Action                   |  1- 3 |  4- 6 |  7- 9 | 10-12 || total
-------------------------+-------+-------+-------+-------++-------
Melee: War axe           |    90 |   224 |   356 |   551 ||  1221
       Headbutt          |    12 |    38 |    43 |   107 ||   200
       Unarmed           |       |       |    14 |       ||    14
Invok: Greater Servant o |       |       |       |     1 ||     1
Evoke: Wand              |       |       |       |     4 ||     4
  Use: Scroll            |       |       |       |    15 ||    15
       Potion            |       |       |       |     1 ||     1
  Eat: Chunk             |       |     5 |     5 |    26 ||    36
       Ration            |       |     1 |     1 |       ||     2
Armor: Scale mail        |    13 |       |       |       ||    13
       Chain mail        |    25 |   114 |   186 |   303 ||   628
       Swamp dragon scal |       |    38 |       |       ||    38
       Skin              |       |       |     2 |       ||     2
Dodge: Dodged            |    28 |    51 |   123 |   209 ||   411
Block: Shield            |    44 |   103 |   231 |   352 ||   730
